 Dungeon Crawl Stone Soup version 0.28-a0-175-gb2089b6bb7 (webtiles) character file.

Game seed: 2866908539978181000

201 Nattfarinn the Chopper (level 5, -1/47 HPs)
             Began as a Hill Orc Berserker on Aug 17, 2021.
             Was a Believer of Trog.
             Slain by a gnoll (4 damage)
             ... on level 4 of the Dungeon.
             The game lasted 00:04:11 (3057 turns).

Nattfarinn the Chopper (Hill Orc Berserker)         Turns: 3057, Time: 00:04:11

Health: -1/47      AC:  2    Str: 21    XL:     5   Next: 79%
Magic:  5/5        EV: 12    Int:  7    God:    Trog [**....]
Gold:   110        SH:  0    Dex: 10    Spells: 4/4 levels left

rFire   . . .      SeeInvis .   a - +0 hand axe
rCold   . . .      Faith    .   (no shield)
rNeg    . . .      Spirit   .   b - +0 animal skin
rPois   .          Reflect  .   (no helmet)
rElec   .          Harm     .   (no cloak)
rCorr   .          Rampage  .   (no gloves)
Will    ++...                   (no boots)
Stlth   +.........              (no amulet)
HPRegen 1.15/turn               (no ring)
MPRegen 0.09/turn               (no ring)

@: strong-willed, on berserk cooldown, regenerating, slowed, very slow
A: no striking features
a: Renounce Religion, Berserk, Trog's Hand


You were on level 4 of the Dungeon.
You worshipped Trog.
Trog was pleased with you.
You visited 1 branch of the dungeon, and saw 4 of its levels.

You collected 166 gold pieces.
You spent 56 gold pieces at shops.

Inventory:

Hand Weapons
 a - a +0 hand axe (weapon)
Armour
 b - a +0 animal skin (worn)
Jewellery
 e - a +6 ring of intelligence
Wands
 k - a wand of paralysis (10)
Scrolls
 c - a scroll of teleportation
 j - 2 scrolls of identify
 m - a scroll of enchant armour {unknown}
Potions
 d - 2 potions of lignification
 f - a potion of haste {unknown}
 g - a potion of might {unknown}
 h - 2 potions of curing {unknown}
 i - a potion of magic {unknown}
 l - a potion of berserk rage {unknown}


   Skills:
 + Level 4.7 Fighting
 * Level 6.0 Axes
 + Level 3.4 Armour
 + Level 2.5 Dodging


You had 4 spell levels left.
You didn't know any spells.
Your spell library was empty.

Dungeon Overview and Level Annotations

Branches:
Dungeon (4/15)
 Temple: D:4-7

Altars:
The Shining One

Shops:
D:2 ?


Message History

The gnoll throws a throwing net.
The throwing net barely misses you.
You see here a throwing net.
Your skin crawls.
You feel strong-willed. The gnoll hits you with a +0 flail!
* * * LOW HITPOINT WARNING * * *
A red film seems to cover your vision as you go berserk!
You feel yourself moving faster!
You feel mighty! The gnoll completely misses you.
You barely miss the gnoll.
The gnoll is almost dead.
The gnoll barely misses you.
You hit the gnoll.
You kill the gnoll!
Trog accepts your kill.
You closely miss the gnoll. You closely miss the gnoll.
The gnoll hits you with a +0 flail!
* * * LOW HITPOINT WARNING * * *
You slash the gnoll!
The gnoll is heavily wounded.
You slash the gnoll!
You kill the gnoll!
Trog accepts your kill.
You slash the gnoll!
You kill the gnoll!
Trog accepts your kill.
Your Axes skill increases to level 6!
You feel a strong urge to attack something.
You are no longer berserk.
You are exhausted.
You feel yourself slow down. The gnoll misses you.
You hit the gnoll.
The gnoll is lightly wounded.
The gnoll hits you with a +0 whip!
* * * LOW HITPOINT WARNING * * *
You hit the gnoll.
The gnoll is moderately wounded.
The gnoll hits you with a +0 whip.
You die...

## #.# ######
#.##))..# .
#.(###g## .
##.## #@.## ..
#..# ##..##
..# ##..#
##..## ...####
#.g## #...##
......###...#
##...##
......##...##
#....##
...).......#
##....##
...........#
##....######.#
...........#
#......<...#


You could see a gnoll.

Vanquished Creatures
  Natasha (thrice) (D:3)
  An adder (D:3)
  3 gnolls (D:4)
  An adder skeleton (D:2)
  3 worms
  7 dart slugs
  10 bats
  2 endoplasms
  3 giant cockroaches
  5 goblins
  5 hobgoblins
  3 jackals (D:2)
  3 quokkas
  8 ball pythons
  2 kobolds (D:1)
  5 rats
64 creatures vanquished.

Notes
Turn   | Place    | Note
-------+----------+-------------------------------------------
     0 | D:1      | Nattfarinn the Hill Orc Berserker began the quest for the
                  | Orb.
     0 | D:1      | Reached XP level 1. HP: 19/19 MP: 1/1
   227 | D:1      | Reached XP level 2. HP: 10/27 MP: 2/2
   873 | D:1      | Reached XP level 3. HP: 24/33 MP: 3/3
   881 | D:1      | Reached ** piety under Trog
  1118 | D:1      | Found a faded altar of an unknown god.
  1634 | D:2      | Reached skill level 5 in Axes
  1634 | D:2      | Reached XP level 4. HP: 40/40 MP: 4/4
  1657 | D:2      | Found Ylesoysi's Magic Scroll Emporium.
  1668 | D:2      | Bought a scroll of identify for 28 gold pieces
  1668 | D:2      | Bought a scroll of identify for 28 gold pieces
  2035 | D:3      | Found a glowing golden altar of the Shining One.
  2051 | D:3      | Noticed Natasha
  2057 | D:3      | Killed Natasha
  2105 | D:3      | Noticed Natasha
  2117 | D:3      | Killed Natasha
  2118 | D:3      | Reached XP level 5. HP: 31/47 MP: 5/5
  2569 | D:3      | Noticed Natasha
  2577 | D:3      | Killed Natasha
  3047 | D:4      | HP: 2/70 [gnoll (11)]
  3052 | D:4      | Reached skill level 6 in Axes
  3056 | D:4      | HP: 1/47 [gnoll (8)]
  3057 | D:4      | Slain by a gnoll

Illustrated notes

Levels and vault maps discovered:
D:1:      minmay_arrival_split_and_join, layout_loops_ring,
          hellmonk_ecumenical_altar_arch_garden, grunt_decor_junction
D:2:      layout_rooms, serial_shops, shop_coins
D:3:      layout_rooms, tso_metal_star, uniq_natasha
D:4:      layout_layer_cave, grunt_temple_overflow_diamond,
          minmay_temple_entry_statues_pillars

Skill      XL: |  1  2  3  4  5 |
---------------+----------------+-----
Fighting       | 4 |  4.7
Dodging        | 2 |  2.5
Axes           | 5 6 |  6.0
Armour         | 3 |  3.4

Action                   |  1- 3 |  4- 6 || total
-------------------------+-------+-------++-------
Melee: Hand axe          |    98 |    86 ||   184
Invok: Berserk           |     1 |     2 ||     3
       Trog's Hand       |     1 |     2 ||     3
  Use: Scroll            |       |     2 ||     2
Armor: Animal skin       |    22 |    17 ||    39
Dodge: Dodged            |    67 |    58 ||   125

Table legend: (Time is in decaauts)
 A = Elapsed time spent in this place.
 B = Non-inter-level travel time spent in this place.
 C = Inter-level travel time spent in this place.
 D = Time resting spent in this place.
 E = Time spent auto-exploring this place.
 F = Levels seen in this place.
 G = Mean time per level.
                   A        B        C        D        E       F      G
               +--------+--------+--------+--------+--------+-----+--------+
         Total |   3082 |   2869 |    213 |    267 |   2217 |   4 |  770.5 |
       Dungeon |   3082 |   2869 |    213 |    267 |   2217 |   4 |  770.5 |
               +--------+--------+--------+--------+--------+-----+--------+

Top non-repeatable levels by time:
     D:1: 1503 daAuts
     D:3: 996 daAuts
     D:2: 498 daAuts
     D:4: 84 daAuts
